Map: Cradle of Death

Players

Alebay

  • Race: Protoss Protoss
  • Spawn Location: 0:00

MattBarry

  • Race: Protoss Protoss
  • Spawn Location: 0:00

VOD

Have the link to the VOD?

Description

Time

  • Played on: Jan. 4, 2023, 1:05 a.m.
  • Length: 18:14
Show
View Real Time Build Order
Export as new Build Order

Alebay Protoss 

Build Orders:  

Get SALT Encoding   

  12  0:02  Probe (Chrono Boost)  
  13  0:13  Unknown  
  13  0:16  Probe (Chrono Boost)  
  14  0:25  Pylon  
  14  0:31  Probe (Chrono Boost)  
  15  0:49  Probe (Chrono Boost)  
  15  0:58  Gateway  
  16  1:03  Probe (Chrono Boost)  
  17  1:16  Assimilator  
  17  1:17  Probe (Chrono Boost)  
  18  1:31  Probe (Chrono Boost)  
  18  1:39  Forge  
  19  1:45  Probe (Chrono Boost)  
  20  1:54  Pylon  
  20  1:59  Probe (Chrono Boost)  
  21  2:13  Probe (Chrono Boost)  
  21  2:16  Cybernetics Core  
  22  2:27  Probe (Chrono Boost)  
  22  2:29  Legionnaire  
  26  2:40  Probe (Chrono Boost)  
  26  2:43  Assimilator  
  27  2:54  Probe (Chrono Boost)  
  27  2:59  Pylon  
  28  3:18  Probe (Chrono Boost)  
  29  3:24  Legionnaire  
  32  3:31  Probe (Chrono Boost)  
  33  3:54  Legionnaire  
  36  4:02  Pylon  
  36  4:09  Protoss Ground Weapons Level 1  
  36  4:19  Twilight Council  
  36  4:24  Legionnaire  
  39  4:54  Legionnaire  
  39  5:37  Warp Gate  
  39  6:04  Legionnaire  
  42  6:24  Probe (Chrono Boost)  
  43  6:30  Stargate  
  46  6:44  Unknown  
  46  6:53  Nexus  
  46  7:08  Gateway  
  46  7:16  Charge  
  46  7:19  Kaldalis' A.I. Personality  
  46  7:23  Protoss Ground Weapons Level 2  
  46  7:27  Protoss Air Weapons Level 1  
  46  7:44  Pylon  
  46  7:54  Probe (Chrono Boost)  
  46  7:59  Talis' A.I. Personality  
  47  8:02  Pylon  
  47  8:09  Probe (Chrono Boost)  
  47  8:16  Psionic Projection  
  48  8:30  Adept x2  
  48  8:39  Probe x2 (Chrono Boost)  
  54  8:53  Probe x2 (Chrono Boost)  
  54  8:54  Fleet Beacon  
  56  9:04  Assimilator  
  56  9:09  Assimilator, Probe x2 (Chrono Boost)  
  58  9:20  Legionnaire  
  58  9:23  Probe x2 (Chrono Boost)  
  60  10:01  Legionnaire  
  60  10:02  Legionnaire  
  60  10:06  Carrier  
  60  10:07  Protoss Air Armor Level 1  
  72  10:16  Pylon  
  72  10:17  Probe x2 (Chrono Boost)  
  72  10:19  Pylon  
  74  10:31  Probe x2 (Chrono Boost)  
  74  10:33  Protoss Ground Armor Level 1  
  76  10:44  Probe (Chrono Boost)  
  76  10:45  Probe (Chrono Boost)  
  63  11:35  Legionnaire x2  
  69  11:54  Carrier  
  75  12:15  Stargate  
  75  12:16  Graviton Catapult  
  75  13:02  Probe (Chrono Boost)  
  75  13:05  Probe (Chrono Boost)  
  77  13:12  Unknown  
  77  13:13  Protoss Ground Weapons Level 3  
  77  13:16  Probe (Chrono Boost)  
  78  13:22  Probe (Chrono Boost)  
  78  13:25  Protoss Air Weapons Level 2  
  79  13:30  Probe (Chrono Boost)  
  79  13:32  Carrier  
  79  13:39  Pylon, Probe (Chrono Boost)  
  81  13:41  Pylon  
  81  13:44  Pylon  
  81  13:46  Pylon  
  81  13:47  Pylon  
  81  13:50  Pylon  
  81  13:53  Probe (Chrono Boost)  
  81  13:57  Probe (Chrono Boost)  
  89  14:06  Carrier  
  95  14:51  Legionnaire x2  
  101  15:10  Carrier  
  87  15:56  Legionnaire x2  
  88  16:22  Fleet Beacon  
  88  16:24  Unknown  
  88  16:35  Legionnaire x2  
  94  17:06  Pylon  
Show
View Real Time Build Order
Export as new Build Order

MattBarry Protoss 

Build Orders:  

Get SALT Encoding   

  12  0:03  Probe (Chrono Boost)  
  13  0:11  Unknown  
  13  0:17  Probe (Chrono Boost)  
  14  0:27  Pylon  
  14  0:32  Probe (Chrono Boost)  
  15  0:51  Probe (Chrono Boost)  
  15  0:57  Assimilator  
  16  1:05  Probe (Chrono Boost)  
  17  1:15  Gateway  
  17  1:19  Probe (Chrono Boost)  
  18  1:33  Probe (Chrono Boost)  
  18  1:38  Forge  
  19  2:09  Probe (Chrono Boost)  
  20  2:23  Probe (Chrono Boost)  
  21  2:31  Assimilator  
  21  2:36  Probe (Chrono Boost)  
  21  2:37  Pylon  
  22  2:52  Cybernetics Core  
  22  3:07  Supplicant x2  
  26  3:20  Protoss Air Weapons Level 1, Protoss Ground Weapons Level 1  
  26  3:27  Probe (Chrono Boost)  
  27  3:35  Supplicant x2  
  31  3:56  Warp Gate  
  31  4:05  Gateway  
  31  4:10  Gateway  
  31  4:14  Gateway  
  31  5:20  Probe (Chrono Boost)  
  31  5:28  Cloaking Module  
  28  5:33  Probe (Chrono Boost)  
  29  5:47  Probe (Chrono Boost)  
  30  6:01  Probe (Chrono Boost)  
  31  6:32  Probe (Chrono Boost)  
  31  6:37  Pylon  
  31  6:39  Pylon  
  30  6:42  Pylon  
  30  6:46  Pylon  
  30  6:47  Unknown  
  30  6:52  Pylon  
  30  7:00  Photon Cannon  
  30  7:13  Probe (Chrono Boost)  
  31  7:22  Nexus  
  31  7:26  Probe (Chrono Boost)  
  32  7:36  Death Council  
  32  7:40  Probe (Chrono Boost)  
  32  7:48  Robotics Facility  
  33  7:52  Robotics Facility  
  33  8:09  Gateway  
  33  8:12  Gateway  
  33  8:15  Pylon  
  33  8:20  Pylon  
  33  8:40  Slayer  
  33  8:43  Slayer  
  33  8:44  Slayer x2  
  41  9:09  Robotics Bay  
  41  9:18  Photon Cannon  
  41  9:22  Pylon  
  41  10:07  Probe (Chrono Boost)  
  42  10:18  Assimilator  
  42  10:21  Assimilator, Probe (Chrono Boost)  
  43  10:30  Slayer x3  
  43  10:35  Probe (Chrono Boost)  
  48  10:41  Protoss Air Weapons Level 2, Protoss Ground Weapons Level 2  
  48  10:49  Probe (Chrono Boost)  
  45  11:03  Probe (Chrono Boost)  
  46  11:13  Phase Blink  
  39  12:13  Blood Shields  
  39  13:22  Pylon  
  39  13:24  Probe (Chrono Boost)  
  39  13:26  Pylon  
  40  13:33  Pylon  
  40  13:37  Pylon  
  40  13:38  Probe (Chrono Boost)  
  41  13:52  Probe (Chrono Boost)  
  42  14:05  Probe (Chrono Boost)  
  43  14:12  Vanguard  
  43  14:14  Vanguard  
  43  14:19  Probe (Chrono Boost)  
  52  14:57  Vanguard  
  52  14:59  Vanguard  
  60  15:19  Slayer x4  
  68  15:20  Slayer x2  
  72  15:42  Vanguard  
  72  15:44  Vanguard  
  80  16:29  Vanguard  
  80  16:39  Wraithwalker  
  90  17:12  Slayer  
  90  17:13  Slayer x4  
  90  17:14  Slayer, Vanguard  
Tags
 
Commander
AlarakFenix
Matchup
Co-op
Replay Pack
Multiplayer
Add a new tag
Caveats
  • Supply blocks, unpowered buildings, or Contaminate may cause inaccurate times.
  • Supply counts are checked every 10 seconds.